 Dungeon Crawl Stone Soup version 0.29-a0-914-g906f1d757c (webtiles) character file.

Game seed: 1182304778934261417

232 leavemydog the Magician (level 5, -2/28 HPs)
             Began as a Deep Elf Air Elementalist on July 26, 2022.
             Slain by an orc warrior
             ... wielding a +0 hand axe
              (16 damage)
             ... on level 3 of the Dungeon.
             The game lasted 00:08:50 (3335 turns).

leavemydog the Magician (Deep Elf Air Elementalist) Turns: 3335, Time: 00:08:51

Health: -2/28      AC:  2    Str:  7    XL:     5   Next: 73%
Magic:  10/14      EV: 12    Int: 20    God:
Gold:   128        SH:  0    Dex: 15    Spells: 10/13 levels left

rFire   . . .      SeeInvis .   i - +0 dagger
rCold   . . .      Faith    .   (no shield)
rNeg    . . .      Spirit   .   a - +0 robe
rPois   .          Reflect  .   (no helmet)
rElec   .          Harm     .   (no cloak)
rCorr   .          Rampage  .   (no gloves)
Will    +....                   (no boots)
Stlth   ++........              (no amulet)
HPRegen 0.09/turn               f - ring of wizardry
MPRegen 0.14/turn               j - ring of willpower

@: no status effects
A: no striking features
a: no special abilities


You were on level 3 of the Dungeon.
You visited 1 branch of the dungeon, and saw 4 of its levels.

You collected 128 gold pieces.

Inventory:

Hand Weapons
 i - a +0 dagger (weapon)
Armour
 a - a +0 robe (worn)
 r - an orb of mayhem
Jewellery
 f - a ring of wizardry (left hand)
 j - a ring of willpower (right hand)
Scrolls
 c - a scroll of fog {unknown}
 d - 2 scrolls of blinking {unknown}
 l - a scroll of amnesia {unknown}
 n - 2 scrolls of teleportation {unknown}
 p - a scroll of vulnerability {unknown}
Potions
 b - a potion of magic
 e - a potion of heal wounds {unknown}
 g - 2 potions of haste
 h - 2 potions of resistance
 k - 4 potions of curing
 m - a potion of invisibility {unknown}
 o - a potion of flight {unknown}
 q - a potion of brilliance {unknown}


   Skills:
 - Level 2.4 Dodging
 - Level 2.4 Stealth
 + Level 4.7 Spellcasting
 * Level 4.0 Conjurations
 + Level 4.5 Air Magic


You had 10 spell levels left.
You knew the following spells:

 Your Spells              Type           Power      Damage    Failure   Level
a - Shock                 Conj/Air       84%        1d8       1%          1
b - Static Discharge      Conj/Air       21%        3-6/arc   1%          2

Your spell library contained the following spells:

 Spells                   Type           Power      Damage    Failure   Level
 Swiftness                Air            23%        N/A       2%          3
 Apportation              Tloc           8%         N/A       4%          1
 Airstrike                Air            11%        0-5+      8%          4
 Alistair's Intoxication  Tmut/Pois      2%         N/A       75%         5


Dungeon Overview and Level Annotations

Branches:
Dungeon (4/15)
 Temple: D:4-7

Altars:
Elyvilon
Zin
The Shining One


Message History

Press: ? - help, Shift-Dir - straight line, f - orc
Aim: an orc, wielding a +0 club and wearing a +0 leather armour (almost dead, 74% to hit)
The zap hits the orc.
You kill the orc!
You start resting.
Magic restored.
You open the door.
HP restored.
There is an open door here.
Things that are here:
a +0 club; a +0 sling
There is a stone staircase leading down here.
You climb downwards.
The orc closely misses you.
There is a stone staircase leading up here.
Casting: Shock (safe; 1% risk of failure)
Confirm with . or Enter, or press ? or * to list all spells.
The orc is struck by an arc of lightning.
The orc is heavily wounded.
You are struck by an arc of lightning.
The orc is struck by an arc of lightning!
You kill the orc!
The orc is struck by an arc of lightning.
The orc is moderately wounded.
The lightning grounds out.
The orc barely misses you. The orc barely misses you.
The orc warrior hits you with a +0 hand axe!
You climb upwards.
There is a stone staircase leading down here.
Casting: Static Discharge (safe; 1% risk of failure)
Confirm with . or Enter, or press ? or * to list all spells.
The orc warrior is struck by an arc of lightning!
The orc warrior is moderately wounded.
The orc is struck by an arc of lightning!
You kill the orc!
The orc warrior is struck by an arc of lightning.
The orc warrior is heavily wounded.
The lightning grounds out.
The orc warrior hits you with a +0 hand axe!
Ouch! That really hurt!
You die...

.##.#
#........'.....+.......#
..#.#
####.##.##.....###...###
.##†# #.##.########
###.# .##†# #..#.# #.#
..!.# ##.#)# #.# #####
#...# #.# ##..#######
#.# #........# #.#
#o@......######.#
#)..............#
######'##.#######
#........# #......###
#......# #......#
#.....)# #...[..#


You could see an orc warrior.

Vanquished Creatures
  A necrophage (D:3)
  An iguana (D:3)
  7 adders
  A worm (D:2)
  4 dart slugs
  8 orcs
  A ball python (D:1)
  3 endoplasms
  5 giant cockroaches
  6 hobgoblins
  7 jackals (D:2)
  3 quokkas
  5 bats
  3 frilled lizards
  4 goblins
  A kobold (D:2)
  5 rats
65 creatures vanquished.

Notes
Turn   | Place    | Note
-------+----------+-------------------------------------------
     0 | D:1      | leavemydog the Deep Elf Air Elementalist began the quest
                  | for the Orb.
     0 | D:1      | Reached XP level 1. HP: 10/10 MP: 6/6
   438 | D:1      | Reached XP level 2. HP: 15/15 MP: 6/8
   441 | D:1      | Learned a level 2 spell: Static Discharge
  1043 | D:2      | Reached XP level 3. HP: 19/19 MP: 5/9
  1818 | D:2      | Reached XP level 4. HP: 22/24 MP: 5/11
  2550 | D:3      | Noticed a necrophage
  2555 | D:3      | Killed a necrophage
  2556 | D:3      | Reached XP level 5. HP: 24/28 MP: 5/13
  2822 | D:3      | Found a glowing silver altar of Zin.
  2822 | D:3      | Found a glowing golden altar of the Shining One.
  2822 | D:3      | Found a white marble altar of Elyvilon.
  3284 | D:4      | Noticed an orc warrior
  3335 | D:3      | Slain by an orc warrior

Illustrated notes

Levels and vault maps discovered:
D:1:      mushboom_english_gardens, layout_basic, serial_glass, glass_columns_b,
          glass_columns_c, glass_columns_b, glass_columns_a, glass_columns_b,
          glass_columns_b, minmay_strange_pillars, minmay_strange_pillars,
          st_stairs_5
D:2:      layout_basic
D:3:      layout_basic, good_gods_mini_temple
D:4:      layout_rooms, grunt_gozag_statues, serial_corexii_hall,
          chequers_hall_statues_y, chequers_hall_statues_wall_a,
          corexii_hall_statues_x, serial_shops, shop, nicolae_shop_stone,
          nicolae_shop_temple_entry_statues_fountains, shop,
          kennysheep_little_box, hangedman_abyss_or_decor_stagger

Skill      XL: |  1  2  3  4  5 |
---------------+----------------+-----
Conjurations   | 2 3 4 |  4.0
Air Magic      | 4 |  4.5
Spellcasting   | 4 |  4.7
Dodging        | |  2.4
Stealth        | |  2.4

Action                   |  1- 3 |  4- 6 || total
-------------------------+-------+-------++-------
Melee: Dagger            |     4 |       ||     4
 Cast: Shock             |    81 |    58 ||   139
       Static Discharge  |       |     8 ||     8
  Use: Scroll            |       |     4 ||     4
Armor: Robe              |     2 |       ||     2
Dodge: Dodged            |     8 |     8 ||    16

Table legend: (Time is in decaauts)
 A = Elapsed time spent in this place.
 B = Non-inter-level travel time spent in this place.
 C = Inter-level travel time spent in this place.
 D = Time resting spent in this place.
 E = Time spent auto-exploring this place.
 F = Levels seen in this place.
 G = Mean time per level.
                   A        B        C        D        E       F      G
               +--------+--------+--------+--------+--------+-----+--------+
         Total |   3334 |   3262 |     72 |    893 |   2040 |   4 |  833.5 |
       Dungeon |   3334 |   3262 |     72 |    893 |   2040 |   4 |  833.5 |
               +--------+--------+--------+--------+--------+-----+--------+

Top non-repeatable levels by time:
     D:2: 1483 daAuts
     D:3: 1023 daAuts
     D:1: 821 daAuts
     D:4: 6 daAuts
